Map: Ascensão para Aiur LE

Players

TheZergLord - Winner!

  • Race: Zerg Zerg
  • League: Grandmaster
  • Spawn Location: 5:00

llllllllllll

  • Race: Zerg Zerg
  • League: Grandmaster
  • Spawn Location: 11:00

VOD

Have the link to the VOD?

Description

Time

  • Played on: June 12, 2017, 2:19 a.m.
  • Length: 8:18
Show
View Real Time Build Order
Export as new Build Order

TheZergLord Zerg - Winner!

Build Orders: Hatch First 

Get SALT Encoding   

  12  0:01  Drone  
  13  0:12  Overlord  
  13  0:18  Drone  
  14  0:31  Drone x2  
  14  0:35  Drone  
  17  0:52  Hatchery  
  17  0:55  Drone  
  17  0:58  Drone  
  18  1:10  Extractor  
  17  1:13  Spawning Pool  
  17  1:17  Drone  
  17  1:20  Drone  
  18  1:28  Drone  
  19  1:39  Overlord  
  19  2:00  Queen  
  19  2:01  Zergling x4  
  23  2:04  Queen  
  23  2:05  Drone  
  26  2:09  Metabolic Boost  
  26  2:12  Drone  
  27  2:20  Drone  
  27  2:22  Drone  
  29  2:29  Drone  
  30  2:32  Baneling Nest  
  29  2:39  Drone x2  
  31  2:51  Hatchery  
  30  2:58  Drone  
  30  2:59  Zergling x2  
  30  3:02  Overlord  
  32  3:08  Drone  
  33  3:14  Drone  
  33  3:20  Drone x5  
  33  3:21  Drone x2  
  33  3:23  Baneling x2  
  40  3:28  Drone  
  40  3:29  Drone  
  42  3:37  Roach Warren  
  42  3:40  Extractor  
  40  3:54  Drone x4  
  44  3:55  Overlord  
  44  3:56  Overlord  
  44  4:04  Overlord  
  44  4:07  Queen  
  46  4:18  Roach x5  
  46  4:19  Roach x2  
  60  4:27  Roach  
  60  4:28  Roach x3  
  68  4:35  Roach x2  
  70  4:45  Roach  
  72  4:46  Zergling x2  
  72  4:50  Overlord x2  
  73  4:53  Evolution Chamber, Extractor  
  73  4:55  Roach  
  73  5:02  Lair  
  73  5:05  Overlord  
  73  5:08  Drone x5  
  73  5:09  Drone  
  73  5:10  Drone  
  73  5:13  Drone  
  81  5:16  Drone x2  
  81  5:19  Zerg Missile Weapons Level 1  
  80  5:34  Drone x5  
  83  5:36  Drone x3  
  83  5:37  Drone x2  
  88  5:48  Drone  
  88  5:49  Drone, Roach  
  94  5:50  Roach x2  
  88  6:00  Roach x3  
  88  6:09  Roach x3  
  82  6:14  Glial Reconstitution, Extractor  
  82  6:15  Roach x2, Extractor  
  82  6:16  Roach x3  
  82  6:18  Roach  
  92  6:22  Overlord x3  
  92  6:23  Overlord  
  91  6:43  Roach x3  
  91  6:44  Roach x5  
  107  6:48  Roach x2  
  107  6:52  Roach x2, Zergling x2  
  107  6:53  Zergling x8  
  102  7:02  Roach x2  
  96  7:10  Roach  
  96  7:11  Roach x2  
  96  7:14  Roach x2  
  96  7:15  Roach  
  105  7:22  Drone  
  105  7:23  Drone x2  
  105  7:27  Drone  
  108  7:32  Overseer  
  108  7:35  Drone x5  
  108  7:36  Drone  
  114  7:38  Hatchery  
  114  7:41  Drone  
  114  7:42  Drone x2  
  114  7:52  Roach x5  
  122  7:59  Roach  
  125  8:15  Extractor  
Show
View Real Time Build Order
Export as new Build Order

llllllllllll Zerg 

Build Orders: Hatch First 

Get SALT Encoding   

  12  0:06  Drone  
  13  0:15  Overlord  
  13  0:17  Drone  
  14  0:33  Drone x2  
  16  0:52  Hatchery  
  16  0:56  Drone  
  16  0:58  Drone  
  16  1:02  Drone  
  18  1:10  Extractor  
  17  1:17  Spawning Pool  
  16  1:19  Drone  
  16  1:22  Drone  
  18  1:34  Drone  
  19  1:43  Overlord  
  19  2:03  Queen x2  
  19  2:05  Zergling x6  
  26  2:10  Metabolic Boost  
  26  2:17  Spine Crawler  
  26  2:19  Drone  
  26  2:23  Drone  
  27  2:31  Baneling Nest  
  27  2:32  Drone  
  27  2:35  Drone  
  28  2:39  Drone  
  29  2:47  Drone  
  29  2:48  Drone x2  
  32  2:57  Overlord  
  32  3:00  Drone  
  33  3:09  Drone  
  33  3:10  Drone  
  35  3:21  Hatchery  
  35  3:25  Zergling x4  
  35  3:27  Drone x2  
  37  3:31  Overlord  
  37  3:34  Drone  
  39  3:35  Drone  
  39  3:38  Drone  
  41  3:44  Drone  
  41  3:45  Drone  
  40  3:57  Drone  
  40  4:00  Roach Warren, Extractor  
  39  4:04  Drone  
  39  4:05  Drone x5  
  39  4:07  Baneling  
  39  4:08  Baneling  
  45  4:15  Queen  
  47  4:17  Drone x3  
  47  4:20  Extractor  
  47  4:22  Evolution Chamber  
  48  4:28  Lair  
  48  4:36  Drone x3  
  51  4:39  Overlord  
  51  4:43  Overlord  
  51  4:44  Roach x2  
  54  4:46  Roach  
  54  4:51  Roach  
  58  4:54  Overlord  
  58  4:57  Overlord  
  58  5:00  Roach  
  58  5:01  Roach  
  58  5:03  Roach  
  58  5:06  Roach  
  66  5:09  Roach  
  66  5:11  Ravager x3  
  66  5:13  Roach  
  73  5:21  Roach x3  
  76  5:31  Roach x3  
  76  5:32  Roach  
  76  5:34  Zergling x4  
  79  5:43  Roach x3  
  76  5:57  Roach  
  76  5:58  Roach x2  
  76  6:04  Zerg Missile Weapons Level 1  
  78  6:08  Zergling x2  
  78  6:09  Zergling x4  
  79  6:12  Zergling x8  
  79  6:16  Zergling x2, Glial Reconstitution  
  84  6:26  Overlord x2  
  84  6:28  Hatchery  
  81  6:34  Overlord  
  81  6:35  Drone x2  
  81  6:37  Extractor  
  82  6:40  Queen  
  82  6:44  Queen  
  74  6:55  Drone x3  
  74  6:56  Drone  
  74  7:00  Drone  
  74  7:01  Drone x3  
  76  7:02  Drone  
  71  7:11  Drone x2  
  67  7:22  Roach x2  
  65  7:29  Roach x2  
  71  7:30  Roach  
  71  7:32  Roach  
  71  7:34  Overlord  
  73  7:40  Roach  
  75  7:45  Roach x2  
  75  7:50  Roach  
  75  7:51  Roach x2  
  84  7:54  Roach x3  
Tags
 
Add a new tag
Caveats
  • Supply blocks, unpowered buildings, or Contaminate may cause inaccurate times.
  • Supply counts are checked every 10 seconds.